 Dungeon Crawl Stone Soup version 0.28-a0-8-g6e044cfa68 (webtiles) character file.

Game seed: 16075603343296286698

3 tilp the Magician (level 1, -1/7 HPs)
             Began as a Felid Hedge Wizard on July 23, 2021.
             Killed from afar by a dart slug (5 damage)
             ... with a slug dart
             ... on level 1 of the Dungeon.
             The game lasted 00:00:29 (272 turns).

tilp the Magician (Felid Hedge Wizard)               Turns: 272, Time: 00:00:31

Health: -1/7       AC:  1    Str:  6    XL:     1   Next: 41%
Magic:  5/5        EV: 17    Int: 15    God:
Gold:   35         SH:  0    Dex: 15    Spells: 5/6 levels left
                                        Lives:  0   Deaths: 0

rFire   . . .      SeeInvis +   (weapon unavailable)
rCold   . . .      Faith    .   (shield unavailable)
rNeg    . . .      Spirit   .   (armour unavailable)
rPois   .          Reflect  .   (helmet unavailable)
rElec   .          Harm     .   (cloak unavailable)
rCorr   .          Rampage  .   (gloves unavailable)
Will    .....                   (boots unavailable)
Stlth   ++........              (no amulet)
HPRegen 0.02/turn               (no ring)
MPRegen 0.09/turn               (no ring)

@: quick
A: very small, claws 1, fangs 3, see invisible, speed 1, shaggy fur 1, stealthy
paws, no weapons or thrown items, no armour, multi-lived
a: no special abilities


You were on level 1 of the Dungeon.
You visited 1 branch of the dungeon, and saw 1 of its levels.

You collected 35 gold pieces.

You aren't carrying anything.


   Skills:
 + Level 0.3 Fighting
 - Level 2.6 Dodging
 - Level 2.6 Stealth
 * Level 0.6 Unarmed Combat
 - Level 3.0 Spellcasting
 - Level 0.8 Conjurations
 - Level 1.0 Summonings
 - Level 1.5 Translocations


You had 5 spell levels left.
You knew the following spells:

 Your Spells              Type           Power      Damage    Failure   Level
a - Magic Dart            Conj           16%        1d3       14%         1

Your spell library contained the following spells:

 Spells                   Type           Power      Damage    Failure   Level
 Blink                    Tloc           N/A        N/A       16%         2
 Call Imp                 Summ           5%         N/A       21%         2
 Slow                     Hex            2%         N/A       30%         2
 Conjure Flame            Conj/Fire      3%         6-21      45%         3
 Mephitic Cloud           Conj/Pois/Air  3%         N/A       47%         3


Dungeon Overview and Level Annotations

Branches:
Dungeon (1/15)

Altars:


Innate Abilities, Weirdness & Mutations

You have sharp claws.
You have razor-sharp teeth.
You have supernaturally acute eyesight. (SInv)
You cover ground quickly. (Speed+)
You are covered in fur. (AC +1)
Your paws help you pounce on unaware monsters.
You are incapable of wielding weapons or throwing items.
You cannot wear armour.
You gain extra lives every three experience levels.


Message History

The hobgoblin is heavily wounded.
The hobgoblin misses you.
You closely miss the hobgoblin.
The hobgoblin is heavily wounded.
The hobgoblin closely misses you.
You scratch the hobgoblin but do no damage.
The hobgoblin is heavily wounded.
The hobgoblin barely misses you.
You scratch the hobgoblin.
The hobgoblin is almost dead.
The hobgoblin barely misses you.
You scratch the hobgoblin.
You kill the hobgoblin!
You start resting.
Magic restored.
The eye of devastation turns its gaze towards you.
The eye of devastation pulsates ominously.
A dart slug is nearby!
Unknown command.
A dart slug is nearby!
Unknown command.
A frilled lizard comes into view.
The golden eye turns its gaze towards you.
The shining eye turns its gaze towards you.
The dart slug launches a dart at you. The slug dart hits you.
You are too injured to fight recklessly!
You are too injured to fight recklessly!
Unknown command.
You scratch the dart slug but do no damage.
You scratch the dart slug.
The dart slug is moderately wounded.
The dart slug closely misses you.
You scratch the dart slug.
The dart slug is heavily wounded.
The frilled lizard hisses angrily.
The dart slug launches a dart at you. The slug dart hits you.
Ouch! That really hurt!
You die...

..... ## ###...### ..#
#.#G#...#G#...#
.#.###...###....
.........$.l.... .
#......_........ ..
#.......w...... ...
###..@### .... #G#...#G#
####### .....###...###.#
#.....#
...............#####.....##
....###.###...............#
..........##########......#
.######.#.# #######......#
......[.#.# ##.....'......#
#########.# #......#......#


You could see a shining eye, an eye of devastation, a floating eye (asleep), a
golden eye, a dart slug and a frilled lizard.

Vanquished Creatures
  An endoplasm (D:1)
  A hobgoblin (D:1)
  A bat (D:1)
3 creatures vanquished.

Notes
Turn   | Place    | Note
-------+----------+-------------------------------------------
     0 | D:1      | tilp the Felid Hedge Wizard began the quest for the Orb.
     0 | D:1      | Reached XP level 1. HP: 7/7 MP: 5/5
   226 | D:1      | Found a faded altar of an unknown god.
   227 | D:1      | Noticed an eye of devastation
   265 | D:1      | Noticed a golden eye
   265 | D:1      | Noticed a floating eye
   265 | D:1      | Noticed a shining eye
   272 | D:1      | Killed from afar by a dart slug

Illustrated notes

Levels and vault maps discovered:
D:1:      lightli_arrival_chessboard, layout_basic,
          hellmonk_ecumenical_altar_watching_god, chequers_serial_rivers_room_a

Action                   || total
-------------------------++-------
Melee: Unarmed           ||    12
 Cast: Magic Dart        ||    11
Armor: Skin              ||     4
Dodge: Dodged            ||    11

Table legend: (Time is in decaauts)
 A = Elapsed time spent in this place.
 B = Non-inter-level travel time spent in this place.
 C = Inter-level travel time spent in this place.
 D = Time resting spent in this place.
 E = Time spent auto-exploring this place.
 F = Levels seen in this place.
 G = Mean time per level.
                   A        B        C        D        E       F      G
               +--------+--------+--------+--------+--------+-----+--------+
         Total |    242 |    242 |      0 |     17 |    190 |   1 |  242.0 |
       Dungeon |    242 |    242 |      0 |     17 |    190 |   1 |  242.0 |
               +--------+--------+--------+--------+--------+-----+--------+

Top non-repeatable levels by time:
     D:1: 242 daAuts
